[Event "Polish Youth G16 Championship 2023"]
[Site "Jastrzebia Gora"]
[Date "2023.03.12"]
[Round "1.1"]
[White "Bandyk, Joanna"]
[Black "Siekanska, Maria"]
[Result "1-0"]
[ECO "B97"]
[WhiteElo "1459"]
[BlackElo "1996"]
[Annotator "TA"]
[PlyCount "80"]
[EventDate "2023.03.11"]
[EventType "swiss"]
[EventCountry "POL"]
[SourceTitle "playchess.com"]
[Source "ChessBase"]
[SourceQuality "1"]
[TimeControl "40/5400+30:1800+30"]

1. e4 c5 2. Nf3 d6 3. d4 cxd4 4. Nxd4 Nf6 5. Nc3 a6 6. Bg5 e6 7. f4 Qb6 8. Nb3 Qc7 {[%emt 0:01:30] [#] B97: Sicilian Najdorf: Poisoned Pawn.} (8... Be7 $11 {remains equal.}) 9. Qd2 {[%emt 0:03:13] White is more active.} ({White should try} 9. Bxf6 $1 $16 gxf6 10. Bd3) 9... b5 {[%emt 0:03:44] [#]} (9... Nbd7 $11) 10. Bd3 $146 (10. Bxf6 $1 $14 gxf6 11. g3) ({Predecessor:} 10. a3 Nc6 11. Be2 Be7 12. O-O O-O 13. Rad1 Rd8 14. Qe3 h6 15. Bxf6 Bxf6 16. Bf3 {0-1 Karpov,V (2210)-Itkin,D (2244) RUS-ch54 sf Sibiria 2001 (9)}) 10... Bb7 {[%emt 0:02:11] The position is equal.} 11. O-O-O Nbd7 12. Rhe1 Be7 13. Kb1 b4 (13... h6 $5 14. Bh4 O-O $15) 14. Ne2 (14. Na4 $5 ) 14... Bxe4 (14... Nxe4 $2 15. Bxe4 Bxe4 16. Bxe7 Kxe7 17. Ng3 Bxc2+ 18. Qxc2 Qxc2+ 19. Kxc2 $18) 15. Ned4 (15. Qxb4 Bxg2 16. Rg1 Bf3 $15) (15. Bxf6 $11 Nxf6 16. Bxe4 (16. Qxb4 Bxd3 17. cxd3 O-O $15) 16... Nxe4 17. Qxb4) 15... Bxd3 $17 16. Qxd3 (16. cxd3 $15 {is more appropriate.} a5 17. Rc1) 16... O-O 17. Nf5 {[%emt 0:13:11][%mdl 64] [#] Discovered Attack} exf5 (17... Bd8 $1 $17 18. Nxd6 Nd5) 18. Rxe7 $14 Ne4 19. Bh4 (19. Nd4 $14 Rac8 20. Bh6 (20. Nxf5 Nf2 $15) (20. Qxa6 b3 $15)) 19... Rfe8 $2 (19... Rac8 $15 {stays ahead.}) 20. Qd5 $1 $36 {[%emt 0:03:30][%csl LRf5,LRf7][%mdl 2048] White is in control.} Rxe7 {[%emt 0:06:07] This move loses the game for Black.} (20... Kh8 $16 {is a better defense.}) 21. Qxa8+ $18 (21. Bxe7 $2 {perishes.} Rc8 22. Ka1 Qxc2 $19) 21... Nf8 22. Bxe7 Qxe7 23. Qxa6 Qh4 24. Qf1 Ne6 25. Nd2 d5 26. Nf3 Qxf4 27. Rxd5 {[%emt 0:00:38][%cal Bd1d5,Bd5f5,Bf5f1][%mdl 32] Qb5 is the strong threat.} g6 28. Qe1 g5 $2 (28... Qb8 {keeps fighting.}) 29. Qc1 {[%emt 0:01:30] Strongly threatening Qxf4.} Qb8 (29... Qg4 $142 30. Qf1 Kg7) 30. Rxf5 g4 31. Nd2 Nd6 32. Rf1 Nb5 33. Nb3 Qxh2 34. Qd2 h5 35. Qd5 Nd6 36. Rd1 Ne8 37. Nd4 N8c7 38. Qe4 Qd6 39. Qd3 Nf4 40. Qd2 Qe6 {Weighted Error Value: White=0.35/Black=0.55} (40... Ng6 $142 41. Qe1 Nd5 42. Qe8+ Qf8) 1-0

[Event "Polish Youth G16 Championship 2023"]
[Site "Jastrzebia Gora"]
[Date "2023.03.12"]
[Round "1.2"]
[White "Smietanska, Wiktoria"]
[Black "Niedorys, Karolina"]
[Result "1-0"]
[ECO "B75"]
[WhiteElo "1954"]
[BlackElo "1458"]
[Annotator "TA"]
[PlyCount "83"]
[EventDate "2023.03.11"]
[EventType "swiss"]
[EventCountry "POL"]
[SourceTitle "playchess.com"]
[Source "ChessBase"]
[SourceQuality "1"]
[TimeControl "40/5400+30:1800+30"]

1. e4 c5 2. Nf3 d6 3. d4 cxd4 4. Nxd4 Nf6 5. Nc3 g6 6. Be3 Bg7 7. f3 Nc6 8. Qd2 O-O 9. g4 d5 10. g5 {[%emt 0:09:17] White is more active. B76: Sicilian Dragon: Yugoslav Attack, 9 g4 and 9 0-0-0.} Nh5 11. exd5 (11. Nxd5 $6 Be6 $11) 11... Nb4 12. O-O-O (12. Bc4 $16) 12... Nxd5 $14 13. Ndb5 {[%emt 0:04:25][%csl LRa7,LRd5] [#]} e6 $146 ({Predecessor:} 13... a6 14. Nxd5 axb5 15. Nf6+ Nxf6 16. Qxd8 {1-0 Rivera,G (1784)-Campos,R Lima Ingenieros CC op 2nd 2012 (9)}) 14. Nxd5 (14. Nxa7 $2 Bxc3 $19) (14. Bc5 {is more complex.} Be5 15. Kb1 Re8 16. Ne4) 14... exd5 15. Qxd5 (15. Nxa7 $2 d4 16. Bxd4 (16. Nxc8 $2 Rxa2 17. c3 Qa5 $19) 16... Bxd4 17. Qxd4 (17. Nxc8 $2 Rxa2 $19) 17... Qxd4 18. Rxd4 Rxa7 $19) 15... Qxd5 16. Rxd5 {[%emt 0:00:08] Nc7 is the strong threat.} Be6 17. Rd2 Rfc8 {[%emt 0:01:19] Inhibits Nc7.} ({Better is} 17... Be5 $14) 18. Kb1 (18. Bxa7 $6 Be5 $11) 18... a6 19. Nd4 Bd5 20. Nf5 $1 {[%emt 0:17:20][%mdl 64] [#] Black must now prevent Ne7+. Discovered Attack} Bxf3 $2 {[%emt 0:02:11] This move loses the game for Black.} (20... Bxa2+ $16 21. Kxa2 gxf5) 21. Ne7+ $18 Kh8 {[%emt 0:01:07] aiming for ...Re8.} 22. Nxc8 Rxc8 23. Bg2 Bxg2 24. Rxg2 Be5 25. Rd2 Kg7 26. Bd4 Bxd4 27. Rxd4 {[%emt 0:00:05][%mdl 4096] Endgame KRR-KRN} Re8 (27... Rc5 {was worth a try.} 28. Rd7 Rxg5 29. Rxb7 Nf6) 28. Rhd1 Re2 29. Rd7 Rxh2 30. Rf1 Nf4 31. Rxb7 {[%emt 0:00:11] [#] Hoping for c4.} (31. Rxf4 $2 Rh1+) 31... h6 32. gxh6+ (32. Rxf4 $2 {leads to mate.} Rh1+) 32... Kxh6 $2 (32... Rxh6 33. c4 (33. Rxf4 $2 {gets mated.} Rh1+) 33... g5) 33. Rxf7 (33. Rxf4 $2 {is a self mate.} Rh1+) 33... g5 34. b4 Nd5 35. Re1 {[%emt 0:02:38] Re6+ would be deadly.} Nf4 {[%emt 0:00:41] Dodges Re6+} (35... Kg6 $142) 36. Rd1 Kg6 37. Rf8 Rg2 38. a4 Kh5 39. b5 axb5 40. axb5 Kh4 41. b6 Kg3 42. b7 {[%emt 0:00:07] Weighted Error Value: White=0.42/Black=0.58} 1-0

[Event "Polish Youth G16 Championship 2023"]
[Site "Jastrzebia Gora"]
[Date "2023.03.12"]
[Round "1.3"]
[White "Biniak, Zuzanna"]
[Black "Sprzeczka, Emilia"]
[Result "1/2-1/2"]
[ECO "B50"]
[WhiteElo "1457"]
[BlackElo "1887"]
[Annotator "NA RC COMBH"]
[PlyCount "130"]
[EventDate "2023.03.11"]
[EventType "swiss"]
[EventCountry "POL"]
[SourceTitle "playchess.com"]
[Source "ChessBase"]
[SourceQuality "1"]
[TimeControl "40/5400+30:1800+30"]

1. e4 c5 2. Nf3 d6 3. d3 Nf6 4. g3 g6 5. Bg2 Bg7 6. Nbd2 Nc6 7. c3 e5 8. O-O O-O 9. Ne1 Be6 10. f4 exf4 11. gxf4 Qd7 12. Qf3 Bg4 13. Qe3 Rae8 14. h3 Be6 15. Qf3 d5 16. Nc2 dxe4 17. dxe4 Qe7 18. Ne3 Rd8 19. Qf2 Qc7 20. e5 Nd5 21. Nxd5 Bxd5 22. Qxc5 Bxg2 23. Kxg2 b6 24. Qc4 Qd7 25. Nf3 Ne7 26. Nd4 Nf5 27. Nxf5 Qxf5 28. Be3 Rd3 29. Rae1 Rfd8 30. Re2 Bh6 31. Rf3 Rc8 32. Qb4 Qe6 33. Qb3 Qc6 34. Kf2 Rcd8 35. Qc2 Qd5 36. Qb3 Qe4 37. Qb4 Qc6 38. Qb3 Qb7 39. Qc4 Qe7 40. Kg2 Qd7 41. Qe4 Qe6 42. a3 Qd7 43. Bd4 Rxf3 44. Qxf3 Qf5 45. Kg3 Re8 46. Qe4 Qe6 47. Rf2 Qe7 48. f5 Bg7 49. Re2 Qg5+ 50. Qg4 Qe7 51. e6 Qd6+ 52. Qf4 Qxf4+ 53. Kxf4 Bh6+ 54. Ke5 Bg7+ 55. Kd5 Rd8+ 56. Ke4 gxf5+ 57. Kxf5 fxe6+ 58. Rxe6 Bxd4 59. cxd4 Rxd4 60. Re7 Rd2 61. Rxa7 Rxb2 62. Rb7 Rb3 63. Kg4 Rxa3 64. Rxb6 Ra5 65. Rb7 Rc5 1/2-1/2

[Event "Polish Youth G16 Championship 2023"]
[Site "Jastrzebia Gora"]
[Date "2023.03.12"]
[Round "1.4"]
[White "Pawicka, Magdalena"]
[Black "Pniewska, Beata"]
[Result "1-0"]
[ECO "C10"]
[WhiteElo "1805"]
[BlackElo "1448"]
[Annotator "NA RC COMBH"]
[PlyCount "79"]
[EventDate "2023.03.11"]
[EventType "swiss"]
[EventCountry "POL"]
[SourceTitle "playchess.com"]
[Source "ChessBase"]
[SourceQuality "1"]
[TimeControl "40/5400+30:1800+30"]

1. e4 e6 2. d4 d5 3. Nc3 dxe4 4. Nxe4 Nd7 5. Nf3 Ndf6 6. Ng3 c5 7. c3 cxd4 8. Nxd4 e5 9. Qe2 Qe7 10. Ngf5 Bxf5 11. Nxf5 Qe6 12. Qb5+ Nd7 13. Qxb7 Rb8 14. Qf3 e4 15. Qf4 Ne7 16. Nd6+ Kd8 17. Nxf7+ Ke8 18. Nxh8 Nd5 19. Qf7+ Qxf7 20. Nxf7 Kxf7 21. Bc4 N7b6 22. Bxd5+ Nxd5 23. O-O Bc5 24. c4 Nb4 25. Be3 Bxe3 26. fxe3+ Ke6 27. b3 Rb7 28. Rf2 Ke5 29. Raf1 a6 30. Rf7 Rb8 31. Re7+ Kd6 32. Rxg7 Nxa2 33. Rf6+ Kc5 34. Rxa6 Nc3 35. Rxh7 Kb4 36. Raa7 Rf8 37. Rhf7 Rxf7 38. Rxf7 Kxb3 39. c5 Nd1 40. c6 1-0

[Event "Polish Youth G16 Championship 2023"]
[Site "Jastrzebia Gora"]
[Date "2023.03.12"]
[Round "1.5"]
[White "Nowak, Zuzanna"]
[Black "Ziobrowska, Maja"]
[Result "0-1"]
[ECO "C66"]
[WhiteElo "1427"]
[BlackElo "1758"]
[Annotator "NA RC COMBH"]
[PlyCount "48"]
[EventDate "2023.03.11"]
[EventType "swiss"]
[EventCountry "POL"]
[SourceTitle "playchess.com"]
[Source "ChessBase"]
[SourceQuality "1"]
[TimeControl "40/5400+30:1800+30"]

1. e4 e5 2. Nf3 Nc6 3. Bb5 Nf6 4. O-O d6 5. Re1 Bd7 6. c3 Be7 7. d4 O-O 8. Nbd2 Nxd4 9. cxd4 Bxb5 10. Qb3 Ba6 11. dxe5 Nd7 12. exd6 Bxd6 13. e5 Nc5 14. Qc2 Be7 15. b3 Nd3 16. Rd1 Nb4 17. Qc3 Be2 18. Re1 Qd3 19. Qxc7 Bxf3 20. Nxf3 Nc2 21. Qxe7 Nxe1 22. Nxe1 Qc3 23. Nc2 Rfd8 24. Bg5 Qxa1+ 0-1

[Event "Polish Youth G16 Championship 2023"]
[Site "Jastrzebia Gora"]
[Date "2023.03.12"]
[Round "1.6"]
[White "Kawa, Anna"]
[Black "Michalska, Anna-Maria"]
[Result "1-0"]
[ECO "B14"]
[WhiteElo "1743"]
[BlackElo "1417"]
[Annotator "NA RC COMBH"]
[PlyCount "93"]
[EventDate "2023.03.11"]
[EventType "swiss"]
[EventCountry "POL"]
[SourceTitle "playchess.com"]
[Source "ChessBase"]
[SourceQuality "1"]
[TimeControl "40/5400+30:1800+30"]

1. e4 c6 2. d4 d5 3. exd5 cxd5 4. c4 e6 5. Nc3 Nf6 6. Nf3 Be7 7. Bf4 O-O 8. c5 b6 9. b4 Bb7 10. Bb5 a6 11. Be2 Ne4 12. Rc1 Nc6 13. a3 Rc8 14. O-O b5 15. Qb3 Bf6 16. Rfd1 Re8 17. a4 Nxc3 18. Rxc3 Nxd4 19. Nxd4 Bxd4 20. Rxd4 e5 21. Bxe5 Rxe5 22. Kf1 Qe7 23. Qc2 Re8 24. Rd2 Bc6 25. Rh3 g6 26. a5 Qf6 27. Qd1 Re4 28. Rf3 Qe5 29. g3 Rxb4 30. Re3 Re4 31. Rxe4 Qxe4 32. Bf3 Qc4+ 33. Kg2 Rd8 34. Rc2 Qb4 35. Qa1 Qb3 36. Qf6 Qxc2 37. Qxd8+ Kg7 38. Qd6 b4 39. Qxc6 b3 40. Qxd5 b2 41. Qd4+ Kg8 42. Be4 Qc1 43. Qb4 f5 44. Bd3 Kf7 45. Qb3+ Ke7 46. Qb7+ Kd8 47. c6 1-0

[Event "Polish Youth G16 Championship 2023"]
[Site "Jastrzebia Gora"]
[Date "2023.03.12"]
[Round "1.7"]
[White "Predkiewicz, Paulina"]
[Black "Szczotka, Klara"]
[Result "0-1"]
[ECO "B12"]
[WhiteElo "1402"]
[BlackElo "1739"]
[Annotator "NA RC COMBH"]
[PlyCount "164"]
[EventDate "2023.03.11"]
[EventType "swiss"]
[EventCountry "POL"]
[SourceTitle "playchess.com"]
[Source "ChessBase"]
[SourceQuality "1"]
[TimeControl "40/5400+30:1800+30"]

1. e4 c6 2. d4 d5 3. e5 c5 4. dxc5 e6 5. Bd3 Nd7 6. Nf3 Bxc5 7. O-O Ne7 8. Bf4 a6 9. Nbd2 Ng6 10. Bg3 b5 11. Qe2 Bb7 12. Nb3 Be7 13. Nfd4 Qb6 14. Kh1 O-O 15. Rfe1 Rae8 16. f4 Nc5 17. Nxc5 Bxc5 18. Nb3 Be7 19. Qg4 a5 20. Qe2 b4 21. Nd2 a4 22. Rab1 Ra8 23. Nf3 Ba6 24. Bxa6 Rxa6 25. Qd2 Bc5 26. Qe2 Ne7 27. Ng5 Nf5 28. Qg4 h6 29. Nf3 Ne3 30. Qh3 Nxc2 31. Rec1 b3 32. axb3 axb3 33. Bh4 Be3 34. Rf1 Ra4 35. f5 exf5 36. Qxf5 Qg6 37. Qxg6 fxg6 38. Be7 Re8 39. Bd6 Ba7 40. Rfd1 Ra5 41. Rd3 Rb5 42. Rbd1 Ne3 43. Ra1 Bb6 44. h3 Nc4 45. Rb1 Nxd6 46. exd6 Rd8 47. Rc1 Rxd6 48. Ne5 Re6 49. Rc8+ Kh7 50. Nd7 Re1+ 51. Kh2 h5 52. Nxb6 Rxb6 53. Rxd5 Re2 54. Rd7 Rxb2 55. Rcc7 Rb4 56. Rxg7+ Kh6 57. Kg3 h4+ 58. Kf3 Rd2 59. Rh7+ Kg5 60. Rc5+ Kf6 61. Rc6+ Ke5 62. Re7+ Kd5 63. Ree6 Rd3+ 64. Ke2 Re4+ 65. Rxe4 Kxe4 66. Re6+ Kf5 67. Rb6 Rg3 68. Kf2 g5 69. Rb4 Ke5 70. Ke1 Kd5 71. Kd1 Kc5 72. Rb8 Kc4 73. Kc1 Rxg2 74. Rc8+ Kd5 75. Rc3 Rg3 76. Kb2 Kd4 77. Rxb3 Rxb3+ 78. Kxb3 Ke3 79. Kc3 Kf3 80. Kd3 Kg3 81. Ke3 Kxh3 82. Kf2 g4 0-1

[Event "Polish Youth G16 Championship 2023"]
[Site "Jastrzebia Gora"]
[Date "2023.03.12"]
[Round "1.8"]
[White "Bar, Klaudia"]
[Black "Bauer, Maja"]
[Result "1-0"]
[ECO "B76"]
[WhiteElo "1731"]
[BlackElo "1383"]
[Annotator "NA RC COMBH"]
[PlyCount "93"]
[EventDate "2023.03.11"]
[EventType "swiss"]
[EventCountry "POL"]
[SourceTitle "playchess.com"]
[Source "ChessBase"]
[SourceQuality "1"]
[TimeControl "40/5400+30:1800+30"]

1. e4 c5 2. Nf3 d6 3. d4 cxd4 4. Nxd4 Nf6 5. Nc3 g6 6. Be3 Bg7 7. f3 Nc6 8. Qd2 O-O 9. O-O-O d5 10. Nxc6 bxc6 11. Bh6 Be6 12. Bxg7 Kxg7 13. h4 h5 14. Qg5 Qb6 15. g4 Rh8 16. e5 Nd7 17. Bd3 Qb4 18. a3 Qc5 19. Ne2 d4 20. Nf4 Qxe5 21. Nxh5+ Kf8 22. Nf4 Qxg5 23. hxg5 Rxh1 24. Rxh1 Kg7 25. Bxg6 fxg6 26. Nxe6+ Kg8 27. Nxd4 c5 28. Ne6 Kf7 29. Nc7 Rc8 30. Nd5 Ne5 31. Rh7+ Ke6 32. Nf4+ Kd7 33. Rg7 Rh8 34. b3 Rh1+ 35. Kb2 Nxf3 36. Nxg6 Re1 37. Nf4 Re4 38. Nh5 Kd8 39. Rg8+ Kd7 40. g6 Rxg4 41. g7 Ke6 42. Rf8 Kd5 43. g8=Q+ Rxg8 44. Rxg8 e5 45. Nf6+ Kd4 46. Rd8+ Ke3 47. Kc3 1-0

[Event "Polish Youth G16 Championship 2023"]
[Site "Jastrzebia Gora"]
[Date "2023.03.12"]
[Round "1.9"]
[White "Sliwicka, Weronika"]
[Black "Tokarz, Izabela"]
[Result "0-1"]
[ECO "B43"]
[WhiteElo "1374"]
[BlackElo "1725"]
[Annotator "NA RC COMBH"]
[PlyCount "52"]
[EventDate "2023.03.11"]
[EventType "swiss"]
[EventCountry "POL"]
[SourceTitle "playchess.com"]
[Source "ChessBase"]
[SourceQuality "1"]
[TimeControl "40/5400+30:1800+30"]

1. e4 c5 2. Nf3 e6 3. d4 cxd4 4. Nxd4 a6 5. Nc3 b5 6. a3 Qc7 7. Be3 Bb7 8. Qd2 Nf6 9. f3 Be7 10. Bg5 O-O 11. O-O-O Nc6 12. Nb3 b4 13. axb4 Nxb4 14. Kb1 d5 15. exd5 Nfxd5 16. Nxd5 Bxd5 17. Bxe7 Qxe7 18. c4 Bc6 19. Na5 Rad8 20. Nxc6 Nxc6 21. Bd3 Nb4 22. Qe2 Qc5 23. Rhe1 Qa5 24. b3 Nxd3 25. Rxd3 Rxd3 26. Qxd3 Qxe1+ 0-1

[Event "Polish Youth G16 Championship 2023"]
[Site "Jastrzebia Gora"]
[Date "2023.03.12"]
[Round "1.10"]
[White "Seemann, Pola"]
[Black "Gajec, Roza"]
[Result "1-0"]
[ECO "B34"]
[WhiteElo "1714"]
[BlackElo "1341"]
[Annotator "NA RC COMBH"]
[PlyCount "81"]
[EventDate "2023.03.11"]
[EventType "swiss"]
[EventCountry "POL"]
[SourceTitle "playchess.com"]
[Source "ChessBase"]
[SourceQuality "1"]
[TimeControl "40/5400+30:1800+30"]

1. e4 c5 2. Nf3 Nc6 3. d4 cxd4 4. Nxd4 Nf6 5. Nc3 e5 6. Ndb5 d6 7. Nd5 Nxd5 8. exd5 Ne7 9. c4 Ng6 10. Qa4 Bd7 11. Qb4 Qb8 12. Be3 a6 13. Nc3 Be7 14. Na4 Bd8 15. Nb6 Bxb6 16. Bxb6 O-O 17. h4 h5 18. Qa5 Re8 19. Bc7 Qc8 20. Bxd6 e4 21. Qc7 e3 22. Qxc8 exf2+ 23. Kxf2 Raxc8 24. Bd3 Ne5 25. Bxe5 Rxe5 26. Rae1 Rce8 27. Rxe5 Rxe5 28. Re1 Rxe1 29. Kxe1 a5 30. Kd2 Kf8 31. Ke3 Ke7 32. c5 Kf6 33. Kf4 Ke7 34. d6+ Kf6 35. Be4 Bc8 36. a3 g6 37. b4 axb4 38. axb4 Ke6 39. g3 Kf6 40. Bd5 Kg7 41. Bxb7 1-0

[Event "Polish Youth G16 Championship 2023"]
[Site "Jastrzebia Gora"]
[Date "2023.03.12"]
[Round "1.11"]
[White "Ekner, Maria"]
[Black "Szopa, Emilia"]
[Result "0-1"]
[ECO "E97"]
[WhiteElo "1337"]
[BlackElo "1709"]
[Annotator "NA RC COMBH"]
[PlyCount "66"]
[EventDate "2023.03.11"]
[EventType "swiss"]
[EventCountry "POL"]
[SourceTitle "playchess.com"]
[Source "ChessBase"]
[SourceQuality "1"]
[TimeControl "40/5400+30:1800+30"]

1. d4 Nf6 2. c4 g6 3. Nc3 Bg7 4. e4 d6 5. Nf3 O-O 6. Be2 e5 7. O-O Nc6 8. d5 Ne7 9. b4 a5 10. Ba3 axb4 11. Bxb4 Nd7 12. Re1 h6 13. Bd3 g5 14. Ne2 Ng6 15. Ng3 Re8 16. Nf5 Bf8 17. Nd2 Nb6 18. Qh5 Nf4 19. Qf3 c5 20. dxc6 bxc6 21. g3 Nxd3 22. Qxd3 c5 23. Bc3 Be6 24. Ne3 Qf6 25. Nd5 Nxd5 26. exd5 Bh3 27. Re3 Reb8 28. Rf3 Qg6 29. Ne4 f5 30. Nd2 e4 31. Nxe4 fxe4 32. Rf6 Qxf6 33. Bxf6 exd3 0-1

[Event "Polish Youth G16 Championship 2023"]
[Site "Jastrzebia Gora"]
[Date "2023.03.12"]
[Round "1.12"]
[White "Salamon, Julia"]
[Black "Krzysztynska, Maria"]
[Result "1-0"]
[ECO "E21"]
[WhiteElo "1701"]
[BlackElo "1335"]
[Annotator "NA RC COMBH"]
[PlyCount "107"]
[EventDate "2023.03.11"]
[EventType "swiss"]
[EventCountry "POL"]
[SourceTitle "playchess.com"]
[Source "ChessBase"]
[SourceQuality "1"]
[TimeControl "40/5400+30:1800+30"]

1. d4 Nf6 2. c4 e6 3. Nc3 Bb4 4. Nf3 b6 5. e3 Bb7 6. Bd3 c5 7. O-O Bxc3 8. bxc3 d6 9. Re1 Ne4 10. Nd2 f5 11. Bxe4 fxe4 12. Qg4 Qf6 13. Nxe4 Bxe4 14. Qxe4 O-O 15. Rf1 Nd7 16. Qg4 Rf7 17. Bd2 Raf8 18. f4 e5 19. d5 Qe7 20. Qe6 Re8 21. Qxe7 Rexe7 22. Rae1 Nf6 23. e4 Re8 24. f5 h6 25. Rf3 Kh7 26. Rg3 a6 27. a4 Rb8 28. Rg6 b5 29. axb5 axb5 30. g4 bxc4 31. g5 hxg5 32. Bxg5 Nxe4 33. Rxe4 Rxf5 34. Rxd6 Rxg5+ 35. Kf2 Rf8+ 36. Ke3 Rg1 37. Rxc4 Rff1 38. Rh4+ Kg8 39. Re6 Re1+ 40. Kd3 Kf7 41. Rh5 Rg4 42. Rf5+ Kg8 43. Rfxe5 c4+ 44. Kd2 Ra1 45. d6 Rgg1 46. Re4 Ra2+ 47. Ke3 Re1+ 48. Kd4 Rd2+ 49. Kc5 Rxe4 50. Rxe4 Rxh2 51. Rd4 Kf7 52. d7 Rh8 53. d8=Q Rxd8 54. Rxd8 1-0

[Event "Polish Youth G16 Championship 2023"]
[Site "Jastrzebia Gora"]
[Date "2023.03.12"]
[Round "1.13"]
[White "Kaczmarek, Paulina"]
[Black "Zapalowska, Wiktoria"]
[Result "0-1"]
[ECO "B47"]
[WhiteElo "1317"]
[BlackElo "1639"]
[Annotator "NA RC COMBH"]
[PlyCount "108"]
[EventDate "2023.03.11"]
[EventType "swiss"]
[EventCountry "POL"]
[SourceTitle "playchess.com"]
[Source "ChessBase"]
[SourceQuality "1"]
[TimeControl "40/5400+30:1800+30"]

1. e4 c5 2. Nf3 e6 3. d4 cxd4 4. Nxd4 Nc6 5. Nc3 Qc7 6. Ndb5 Qb8 7. Be3 a6 8. Nd4 Nf6 9. Be2 Bb4 10. f3 d5 11. Nxc6 bxc6 12. Bd2 dxe4 13. fxe4 Qe5 14. Bd3 h5 15. Qf3 Bd7 16. O-O O-O 17. h3 Bc5+ 18. Be3 Bxe3+ 19. Qxe3 c5 20. Qf4 Qd4+ 21. Qf2 e5 22. Qxd4 exd4 23. Ne2 Rfe8 24. Ng3 h4 25. Nf5 Nxe4 26. Nxh4 Nd6 27. Rfe1 Bb5 28. Bxb5 axb5 29. Rxe8+ Rxe8 30. Kf1 Nc4 31. Kf2 Ra8 32. Nf5 Nxb2 33. Nd6 b4 34. Ke2 Ra3 35. Nb5 Re3+ 36. Kf2 Nc4 37. Re1 Kf8 38. g3 Ke7 39. Re2 Kd7 40. c3 Rxe2+ 41. Kxe2 dxc3 42. Kd3 Kc6 43. Nxc3 bxc3 44. Kxc3 Ne5 45. a4 f5 46. h4 Kb6 47. h5 Ka5 48. Kb3 c4+ 49. Ka3 Nd7 50. Kb2 Kxa4 51. Kc3 Kb5 52. Kc2 Kb4 53. Kb2 Nc5 54. Kc2 c3 0-1

[Event "Polish Youth G16 Championship 2023"]
[Site "Jastrzebia Gora"]
[Date "2023.03.12"]
[Round "1.14"]
[White "Lazniewska, Zofia"]
[Black "Zgoda, Aleksandra"]
[Result "1-0"]
[ECO "B19"]
[WhiteElo "1621"]
[BlackElo "1308"]
[Annotator "NA RC COMBH"]
[PlyCount "101"]
[EventDate "2023.03.11"]
[EventType "swiss"]
[EventCountry "POL"]
[SourceTitle "playchess.com"]
[Source "ChessBase"]
[SourceQuality "1"]
[TimeControl "40/5400+30:1800+30"]

1. e4 c6 2. d4 d5 3. Nc3 dxe4 4. Nxe4 Bf5 5. Ng3 Bg6 6. h4 h6 7. Nf3 Nd7 8. h5 Bh7 9. Bd3 Bxd3 10. Qxd3 Ngf6 11. Bd2 Qc7 12. O-O-O e6 13. Ne4 O-O-O 14. g3 Nxe4 15. Qxe4 Nf6 16. Qe2 Bd6 17. Kb1 c5 18. c4 Kb8 19. Bc3 Ka8 20. Ne5 Rc8 21. dxc5 Bxc5 22. f4 Rhd8 23. g4 Qe7 24. Ba5 Rd6 25. Rxd6 Bxd6 26. Rd1 Bxe5 27. fxe5 Nd7 28. a3 Nc5 29. Bb4 a6 30. Qe3 Qc7 31. Rf1 Nd7 32. Rxf7 Qxe5 33. Qf3 Qd4 34. Bc3 Qd6 35. Rxg7 Rxc4 36. Qe2 Qd5 37. Rxd7 Qxd7 38. Qxc4 Kb8 39. Bd4 Qe7 40. Be5+ Ka7 41. Qc7 Qf8 42. Bd4+ Ka8 43. Qc5 Qf1+ 44. Ka2 Kb8 45. Be5+ Ka8 46. Qc8+ Ka7 47. Bd4+ b6 48. Qc7+ Ka8 49. Qc6+ Kb8 50. Be5+ Ka7 51. Qc7+ 1-0

[Event "Polish Youth G16 Championship 2023"]
[Site "Jastrzebia Gora"]
[Date "2023.03.12"]
[Round "1.15"]
[White "Idzior, Izabela"]
[Black "Zielinska, Aleksandra"]
[Result "0-1"]
[ECO "B43"]
[WhiteElo "1287"]
[BlackElo "1613"]
[Annotator "NA RC COMBH"]
[PlyCount "72"]
[EventDate "2023.03.11"]
[EventType "swiss"]
[EventCountry "POL"]
[SourceTitle "playchess.com"]
[Source "ChessBase"]
[SourceQuality "1"]
[TimeControl "40/5400+30:1800+30"]

1. e4 c5 2. Nf3 e6 3. d4 cxd4 4. Nxd4 a6 5. Nc3 b5 6. Be3 Bb7 7. f3 Qc7 8. Be2 Nc6 9. O-O Nf6 10. Rc1 Be7 11. a3 O-O 12. Nxc6 Bxc6 13. Qe1 d5 14. exd5 Nxd5 15. Nxd5 Bxd5 16. b4 Rac8 17. Bd3 Bf6 18. Bc5 Rfe8 19. c4 bxc4 20. Bxc4 Bxc4 21. Rxc4 Red8 22. Qe2 Qd7 23. Qc2 Qd3 24. Qxd3 Rxd3 25. a4 Bb2 26. Re1 a5 27. bxa5 Rxc5 28. Rb4 Bd4+ 29. Kf1 Rc8 30. Reb1 Be5 31. Rb5 Bxh2 32. a6 Rdd8 33. a7 Ra8 34. Rb7 Be5 35. R1b4 Bd4 36. Re7 Bc5 0-1

[Event "Polish Youth G16 Championship 2023"]
[Site "Jastrzebia Gora"]
[Date "2023.03.12"]
[Round "1.16"]
[White "Oborska, Magda"]
[Black "Pastuszko, Katarzyna"]
[Result "0-1"]
[ECO "C60"]
[WhiteElo "1613"]
[BlackElo "1286"]
[Annotator "NA RC COMBH"]
[PlyCount "70"]
[EventDate "2023.03.11"]
[EventType "swiss"]
[EventCountry "POL"]
[SourceTitle "playchess.com"]
[Source "ChessBase"]
[SourceQuality "1"]
[TimeControl "40/5400+30:1800+30"]

1. e4 e5 2. Nf3 Nc6 3. Bb5 Nge7 4. Nc3 g6 5. d3 Bg7 6. O-O O-O 7. Re1 h6 8. h3 d6 9. Bc4 Na5 10. Bb3 Nxb3 11. axb3 Be6 12. d4 a6 13. Be3 f5 14. dxe5 f4 15. Bd4 c5 16. exd6 cxd4 17. dxe7 Qxe7 18. Nxd4 Bxd4 19. Qxd4 f3 20. Qe5 fxg2 21. Qg3 Qf7 22. Kxg2 Rac8 23. Rf1 Rc5 24. f4 Kh8 25. e5 b5 26. Rf2 b4 27. Qe3 Rfc8 28. Ne4 Rxc2 29. Nd6 Rxf2+ 30. Qxf2 Bxh3+ 31. Kxh3 Qxb3+ 32. Qg3 Qxb2 33. Nxc8 Qxa1 34. Nd6 Qh1+ 35. Kg4 Qh5# 0-1

[Event "Polish Youth G16 Championship 2023"]
[Site "Jastrzebia Gora"]
[Date "2023.03.12"]
[Round "1.17"]
[White "Makarec, Anna"]
[Black "Kicinska, Magdalena"]
[Result "0-1"]
[ECO "B18"]
[WhiteElo "1271"]
[BlackElo "1573"]
[Annotator "NA RC COMBH"]
[PlyCount "76"]
[EventDate "2023.03.11"]
[EventType "swiss"]
[EventCountry "POL"]
[SourceTitle "playchess.com"]
[Source "ChessBase"]
[SourceQuality "1"]
[TimeControl "40/5400+30:1800+30"]

1. e4 c6 2. d4 d5 3. Nc3 dxe4 4. Nxe4 Bf5 5. Ng3 Bg6 6. N1e2 e6 7. Nf4 Bd6 8. c3 Nf6 9. h4 Qc7 10. Qf3 Bxf4 11. Bxf4 Qb6 12. b3 h6 13. Bd6 Nbd7 14. Bc4 Nd5 15. h5 Bh7 16. O-O N7f6 17. a4 Qa5 18. b4 Qd8 19. Be5 O-O 20. Bxf6 Qxf6 21. Qxf6 Nxf6 22. Rfd1 Nd5 23. Ne2 Bf5 24. f3 Ne3 25. Bd3 Nxd1 26. Bxf5 Nxc3 27. Nxc3 exf5 28. d5 Rac8 29. dxc6 Rxc6 30. Nd5 Re8 31. Rd1 Kf8 32. Nf4 Rc4 33. g3 Rxb4 34. Rd5 Rxa4 35. Rxf5 Ra2 36. Kf1 a5 37. Ng6+ Kg8 38. Ne5 Rc8 0-1